 Dungeon Crawl Stone Soup version 0.18.1-48-g4cf74bf (webtiles) character file.

0 glosham the Skirmisher (level 1, -14/36 HPs)
             Began as an Ogre Abyssal Knight on July 27, 2016.
             Was a Follower of Lugonu.
             Demolished by a green very ugly thing (16 damage)
             ... on level 2 of the Abyss.
             The game lasted 00:02:11 (120 turns).

glosham the Skirmisher (Ogre Abyssal Knight)         Turns: 120, Time: 00:02:12

Health: -14/36     AC: 20    Str: 16    XL:     1   Next: 0%
Magic:  2/2        EV:  1    Int: 11    God:    Lugonu [*.....]
Gold:   32         SH:  0    Dex:  9    Spells: 0 memorised, 0 levels left

rFire  . . .     SeeInvis .     a - +1 mace
rCold  . . .     Gourm    .     (armour currently unavailable)
rNeg   + + +     Faith    .     (no shield)
rPois  +         Spirit   .     (helmet currently unavailable)
rElec  .         Dismiss  .     (cloak currently unavailable)
rCorr  .         Reflect  .     (gloves unavailable)
SustAt .         Harm     .     (boots unavailable)
MR     .....     NoTele   +     (no amulet)
Stlth  +.........               (no ring)
                                (no ring)

@: tree-form, not resistant to hostile enchantments, very unstealthy
A: unfitting armour, (tough skin 0)
a: Depart the Abyss, Renounce Religion


You were on level 2 of the Abyss.
You worshipped Lugonu.
Lugonu was aware of your devotion.
You were not hungry.
You were a tree.
You visited 0 branches of the dungeon, and saw 0 of its levels.
You visited the Abyss 1 time.

You collected 32 gold pieces.

Inventory:

Hand Weapons
 a - a +1 mace (weapon)
Armour
 b - a +0 robe (melded)
Comestibles
 c - a bread ration


   Skills:
 - Level 4.0 Fighting
 + Level 2.6 Maces & Flails
 - Level 2.1 Dodging
 - Level 2.0 Invocations


You couldn't memorise any spells.
You didn't know any spells.

Dungeon Overview and Level Annotations

Branches:
Dungeon (0/15)

Altars:


Innate Abilities, Weirdness & Mutations

You are too large for most types of armour.
((You have tough skin (AC +1).))


Message History

d - a potion of lignification A brown ugly thing comes into view.
Found a robe.
Found a scroll labeled BOOMOO XE RAX.
You see here a robe.
A green very ugly thing comes into view.
The green very ugly thing gurgles horribly!
Drink which item? (? for menu, Esc to quit)
You turn into a tree.
Your +0 robe melds into your body.
Your roots penetrate the ground.
You feel less vulnerable to hostile enchantments.
You hit the small abomination but do no damage.
The small abomination hits you but does no damage.
A hell hog comes into view.
You hit the small abomination.
The small abomination is lightly damaged.
The hell hog breathes fire at you.
The fireball explodes!
The fireball engulfs you!
Ouch! That really hurt!
The fireball engulfs the small abomination.
The small abomination hits you. The small abomination hits you!
* * * LOW HITPOINT WARNING * * *
You hear a chilling moan.
You barely miss the small abomination.
The small abomination is almost destroyed.
The small abomination hits you but does no damage.
You closely miss the small abomination.
The small abomination is almost destroyed.
The small abomination hits you but does no damage. x2
The green very ugly thing tail-slaps you.
* * * LOW HITPOINT WARNING * * *
The hell hog looks sick.
You aren't carrying any potions.
Unknown command.
You hit the small abomination but do no damage.
The small abomination is almost destroyed.
The hell hog bites you but does no damage.
The small abomination hits you but does no damage.
The green very ugly thing tail-slaps you!
You die...

..................
##..##..##..# ..# ..#
#..##..##..##..##..#
....................
.. .#.....#.......# .
... ...........###.
..... ...............
............[........
... #... .#.x♣.#... #
..###...###uh.###. #.
##. ##.## .? .. ..
... #.. .... #....
.....


You could see a green very ugly thing, a hell hog and a small abomination.

Vanquished Creatures (others)
  2 starspawn tentacles (Abyss:1)
  3 starspawn tentacle segments (Abyss:1)
5 creatures vanquished.

Notes
Turn   | Place    | Note
--------------------------------------------------------------
     0 | Abyss:1  | glosham the Ogre Abyssal Knight began the quest for the Orb.
     0 | Abyss:1  | Reached XP level 1. HP: 24/24 MP: 2/2
    45 | Abyss:1  | Noticed a tentacled starspawn
   101 | Abyss:2  | Noticed a brown ugly thing
   110 | Abyss:2  | Noticed a small abomination
   114 | Abyss:2  | Noticed a green very ugly thing
   117 | Abyss:2  | Noticed a hell hog
   119 | Abyss:2  | HP: 1/36 [green very ugly thing (5)]
   120 | Abyss:2  | Demolished by a green very ugly thing

Action                   || total
-------------------------++-------
Melee: Mace              ||     5
  Use: Scroll            ||     3
       Potion            ||     1
Armor: Skin              ||     6

Table legend:
 A = Turns spent in this place as a percentage of turns spent in the entire game.
 B = Non-inter-level travel turns spent in this place as a percentage of non-inter-level travel turns spent in the entire game.
 C = Inter-level travel turns spent in this place as a percentage of turns spent in this place.
 D = Turns resting spent in this place as a percentage of non-inter-level travel turns spent in this place.
 E = Turns spent auto-exploring this place as a percentage of non-inter-level travel turns spent in this place.
 F = Non-inter-level travel turns spent in this place divided by the number of levels of this place that you've seen.
                   A       B       C       D       E      F
               +-------+-------+-------+-------+-------+----------------------
         Total | 100.0 | 100.0 |   0.0 |   0.0 |   0.0 |  61.5
         Abyss | 100.0 | 100.0 |   0.0 |   0.0 |   0.0 |  61.5
               +-------+-------+-------+-------+-------+----------------------

Vault maps used:
Abyss:1:  evilmike_abyss_exit_vortex
